 Dungeon Crawl Stone Soup version 0.30-a0-737-gf23d94013f (webtiles) character file.

Game seed: 10391705267938968823

359 sircluck the Chopper (level 6, 0/53 HPs)
             Began as a Hill Orc Fighter on Feb 1, 2023.
             Slain by an orc
             ... wielding a +0 flail
              (5 damage)
             ... on level 4 of the Dungeon.
             The game lasted 00:07:07 (3217 turns).

sircluck the Chopper (Hill Orc Fighter)             Turns: 3217, Time: 00:07:07

Health: 0/53       AC: 10    Str: 21    XL:     6   Next: 65%
Magic:  6/6        EV:  9    Int:  8    God:
Gold:   162        SH:  0    Dex: 10    Spells: 5/5 levels left

rFire   + . .      SeeInvis .    s - +0 broad axe
rCold   + . .      Faith    .    c - +0 buckler
rNeg    . . .      Spirit   .    b - +0 scale mail
rPois   .          Reflect  .    (no helmet)
rElec   .          Harm     .    l - scarf {rC+ rF+}
rCorr   .          Rampage  .    (no gloves)
Will    .....                    k - +2 pair of boots Stlth
                                 (no amulet)
HPRegen 0.28/turn                (no ring)
MPRegen 0.10/turn                (no ring)

@: confused
A: no striking features
a: no special abilities


You were on level 4 of the Dungeon.
You visited 1 branch of the dungeon, and saw 4 of its levels.
You also visited: Sewer.

You collected 162 gold pieces.

Inventory:

Hand Weapons
 a - a +0 war axe
 s - a +0 broad axe (weapon)
Missiles
 i - 47 stones (quivered)
Armour
 b - a +0 scale mail (worn)
 c - a +0 buckler (worn)
 f - a +0 cloak
 k - a +2 pair of boots (worn)
 l - a scarf of resistance (worn)
 p - the +3 scale mail of Sin {rElec rC+ Int+5 Dex-5}
   (You found it on level 3 of the Dungeon)

   Int:       It affects your intelligence (+5).
   Dex:       It affects your dexterity (-5).
   rC:        It protects you from cold.
   rElec:     It insulates you from electricity.
Magical Staves
 x - a staff of air
Scrolls
 e - 3 scrolls of identify {unknown}
 g - 3 scrolls of teleportation {unknown}
 h - a scroll of magic mapping {unknown}
 j - a scroll of noise {unknown}
 r - 2 scrolls of fear {unknown}
 t - a scroll of enchant weapon {unknown}
 y - a scroll of enchant armour {unknown}
Potions
 d - 4 potions of might
 m - 4 potions of brilliance {unknown}
 n - 2 potions of curing {unknown}
 o - a potion of mutation {unknown}
 q - a potion of heal wounds {unknown}
 u - a potion of experience {unknown}
 v - a potion of cancellation {unknown}
 w - 2 potions of resistance {unknown}
 z - 2 potions of lignification {unknown}
 A - a potion of haste {unknown}


   Skills:
 + Level 4.6 Fighting
 + Level 6.7 Axes
 + Level 4.4 Armour
 + Level 1.0 Dodging
 + Level 4.0 Shields


You had 5 spell levels left.
You didn't know any spells.
Your spell library contained the following spells:

 Spells                   Type           Power      Damage    Failure   Level
 Ensorcelled Hibernation  Hex/Ice        0%         N/A       92%         2
 Passwall                 Tmut/Erth      0%         N/A       92%         2
 Static Discharge         Conj/Air       0%         2-2/arc   92%         2
 Inner Flame              Hex/Fire       0%         N/A       99%         3
 Swiftness                Air            0%         N/A       99%         3
 Vhi's Electric Charge    Tloc/Air       0%         N/A       99%         3
 Flame Wave               Conj/Fire      0%         2d4       100%        4
 Sticky Flame             Conj/Fire      0%         2d3       100%        4
 Arcjolt                  Conj/Air       0%         1d10      100%        5
 Lightning Bolt           Conj/Air       0%         1d11      100%        5


Dungeon Overview and Level Annotations

Branches:
Dungeon (4/15)              Sewer (visited)
 Temple: D:4-7

Altars:
Gozag
Hepliaklqana
Makhleb
Okawaru
Ru
Xom
Zin
The Shining One


Message History

The magic dart hits you.
You hear some strange, mumbled words.
A puff of flame appears from out of thin air!
The puff of flame hits you but does no damage.
You hear some strange, mumbled words.
Something tries to affect you, but you resist.
The orc barely misses you. Something hits you.
Something hits you but does no damage. The orc closely misses you.
Something completely misses you. Something hits you.
Something hits you but does no damage. The orc hits you with a +0 flail.
Something hits you but does no damage. The orc hits you with a +0 flail.
Something hits you but does no damage. Something hits you but does no damage.
The orc barely misses you. Something hits you but does no damage.
Something hits you but does no damage. The orc barely misses you.
Something hits you but does no damage.
Something hits you. x2; The orc hits you with a +0 flail!
Something hits you but does no damage. The orc barely misses you.
Something hits you. Something hits you but does no damage.
The orc hits you with a +0 flail. Something hits you.
* * * LOW HITPOINT WARNING * * *
Something hits you.
* * * LOW HITPOINT WARNING * * *
You hear some strange, mumbled words.
You are more confused.
The orc barely misses you. Something hits you but does no damage.
The orc hits you with a +0 flail.
* * * LOW HITPOINT WARNING * * *
Something hits you but does no damage. Something hits you but does no damage.
The orc hits you with a +0 flail.
* * * LOW HITPOINT WARNING * * *
Something hits you.
* * * LOW HITPOINT WARNING * * *
Something hits you.
* * * LOW HITPOINT WARNING * * *
Something hits you but does no damage. The orc misses you.
Something hits you but does no damage. The orc hits you with a +0 flail.
You die...

#.......... ###
##......... ..
###......... ..#
#...........
#.####.#.........
###.##.....#....... .
##...#..............
....##.{##....#..........
.......o@...>#..#........
...##!)#{##....##........
#.##.##..####........ #..
.................. #.
...........#####...
#....########## ####
#.... #..## #


You could see an orc.

Vanquished Creatures
  2 kobold brigands (Sewer)
  A hound (D:4)
  An orc priest (D:4)
  4 adders
  A river rat (D:3)
  An adder zombie (D:3)
  An adder skeleton (D:3)
  5 dart slugs
  15 ball pythons
  6 bats
  9 endoplasms
  5 giant cockroaches
  5 goblins
  6 hobgoblins
  4 jackals (D:1)
  15 kobolds
  3 quokkas
  A ball python skeleton (D:3)
  5 frilled lizards
  A jackal skeleton (D:3)
  A quokka skeleton (D:3)
  A quokka zombie (D:3)
  8 rats
101 creatures vanquished.

Vanquished Creatures (others)
  5 fungi (Sewer)
  11 plants (Sewer)
  9 withered plants
25 creatures vanquished.

Grand Total: 126 creatures vanquished

Notes
Turn   | Place    | Note
-------+----------+-------------------------------------------
     0 | D:1      | sircluck the Hill Orc Fighter began the quest for the Orb.
     0 | D:1      | Reached XP level 1. HP: 19/19 MP: 1/1
   178 | D:1      | Reached XP level 2. HP: 27/27 MP: 2/2
   415 | D:1      | Reached skill level 3 in Axes
   512 | D:1      | Reached XP level 3. HP: 30/33 MP: 3/3
   527 | D:1      | Found a faded altar of an unknown god.
  1176 | D:2      | Reached skill level 4 in Axes
  1176 | D:2      | Reached XP level 4. HP: 40/40 MP: 4/4
  1997 | D:3      | Found an opulent altar of Gozag.
  2054 | D:3      | Identified the +3 scale mail of Sin {rElec rC+ Int+5 Dex-5}
  2088 | D:3      | Found a glowing drain.
  2103 | Sewer    | Entered a sewer
  2174 | Sewer    | Reached XP level 5. HP: 42/46 MP: 5/5
  2379 | Sewer    | Noticed a kobold brigand
  2379 | Sewer    | Noticed a kobold brigand
  2397 | Sewer    | Killed a kobold brigand
  2398 | Sewer    | Reached skill level 5 in Axes
  2399 | Sewer    | Killed a kobold brigand
  2400 | Sewer    | Reached skill level 6 in Axes
  2400 | Sewer    | Reached XP level 6. HP: 13/53 MP: 6/6
  2818 | D:3      | Found a glowing silver altar of Zin.
  2946 | D:3      | Found a sacrificial altar of Ru.
  2950 | D:3      | Found a radiant altar of Vehumet.
  2950 | D:3      | Found a shimmering altar of Xom.
  2953 | D:3      | Found a burning altar of Makhleb.
  2953 | D:3      | Found a hazy altar of Hepliaklqana.
  2953 | D:3      | Found a shimmering altar of Xom.
  2977 | D:3      | Reached skill level 1 in Dodging
  3076 | D:3      | Found an iron altar of Okawaru.
  3079 | D:3      | Found a sacrificial altar of Ru.
  3082 | D:3      | Found a glowing golden altar of the Shining One.
  3217 | D:4      | Slain by an orc

Illustrated notes

Levels and vault maps discovered:
D:1:      lemuel_arrival_rhombus, layout_basic,
          ebering_ecumenical_altar_petrified
D:2:      layout_basic
D:3:      layout_basic, mainiacjoe_overflow_small_starburst, minitemple,
          doesnt_xom_only_xom, serial_undead, serial_undead_a, serial_undead_b,
          serial_undead_e, serial_undead_a, serial_undead_d,
          portal_sewer_entry_b
D:4:      layout_rooms, makhleb_blood_cavern_becter,
          minmay_temple_entry_butterflies, due_unseen_surprise

Skill      XL: |  1  2  3  4  5  6 |
---------------+-------------------+-----
Axes           | 3 4 6 |  6.7
Fighting       | 4 |  4.6
Armour         | 4 |  4.4
Shields        | 4 |  4.0
Dodging        | 1 |  1.0

Action                     |  1- 3 |  4- 6 || total
---------------------------+-------+-------++-------
  Melee: War axe           |   110 |    85 ||   195
         Broad axe         |       |   151 ||   151
 Armour: Scale mail        |    63 |   162 ||   225
  Dodge: Dodged            |    75 |   148 ||   223
  Block: Buckler           |    30 |    67 ||    97

Table legend: (Time is in decaauts)
 A = Elapsed time spent in this place.
 B = Non-inter-level travel time spent in this place.
 C = Inter-level travel time spent in this place.
 D = Time resting spent in this place.
 E = Time spent auto-exploring this place.
 F = Levels seen in this place.
 G = Mean time per level.
                   A        B        C        D        E       F      G
               +--------+--------+--------+--------+--------+-----+--------+
         Total |   3402 |   3338 |     64 |      0 |   1526 |   5 |  680.4 |
       Dungeon |   2707 |   2643 |     64 |      0 |   1384 |   4 |  676.8 |
         Sewer |    695 |    695 |      0 |      0 |    142 |   1 |  695.0 |
               +--------+--------+--------+--------+--------+-----+--------+

Top non-repeatable levels by time:
     D:2: 980 daAuts
     D:1: 961 daAuts
   Sewer: 695 daAuts
     D:3: 662 daAuts
     D:4: 103 daAuts
